 Dungeon Crawl Stone Soup version 0.25.0-10-g039870ee82 (webtiles) character file.

Game seed: 13909746649814948060

6484 FabianWz the Thaumaturge (level 10, -18/56 HPs)
             Began as a Deep Elf Conjurer on June 23, 2020.
             Was a Follower of Vehumet.
             Killed by an exploding fulminant prism (26 damage)
             ... created by the player character
             ... on level 9 of the Dungeon.
             The game lasted 00:46:52 (10315 turns).

FabianWz the Thaumaturge (Deep Elf Conjurer)       Turns: 10315, Time: 00:46:53

Health: -18/56     AC:  7    Str:  8    XL:     10   Next: 68%
Magic:  14/36      EV: 28    Int: 21    God:    Vehumet [*.....]
Gold:   116        SH:  0    Dex: 15    Spells: 17/32 levels left

rFire    . . .     SeeInvis +   b - +4 scythe (venom)
rCold    . . .     Gourm    .   (shield currently unavailable)
rNeg     . . .     Faith    .   a - +0 robe
rPois    .         Spirit   .   p - +2 hat {SInv}
rElec    .         Reflect  .   (no cloak)
rCorr    .         Harm     .   (no gloves)
MR       +....                  i - +2 pair of boots
Stlth    ++........             m - amulet of the acrobat
HPRegen  0.18/turn              t - ring of wizardry
MPRegen  0.25/turn              C - ring of magical power

@: acrobat, studying Shields
A: no striking features
a: Renounce Religion


You were on level 9 of the Dungeon.
You worshipped Vehumet.
Vehumet was aware of your devotion.
You were not hungry.

You visited 2 branches of the dungeon, and saw 10 of its levels.

You collected 356 gold pieces.
You spent 240 gold pieces at shops.

Inventory:

Hand Weapons
 b - a +4 scythe of venom (weapon)
 g - a +1 dagger of protection
Missiles
 e - 2 throwing nets (quivered)
Armour
 a - a +0 robe (worn)
 d - a +0 robe
 i - a +2 pair of boots (worn)
 p - a +2 hat of see invisible (worn)
Jewellery
 m - an amulet of the acrobat (around neck)
 t - a ring of wizardry (left hand)
 u - a +6 ring of dexterity
 C - a ring of magical power (right hand)
Wands
 v - a wand of acid (6)
 x - a wand of flame (27)
 y - a wand of disintegration (19)
 F - a wand of iceblast (8)
 H - a wand of paralysis (2)
Scrolls
 f - a scroll of brand weapon {unknown}
 h - a scroll of noise
 j - a scroll of random uselessness
 k - 2 scrolls of immolation
 l - 2 scrolls of magic mapping
 n - a scroll of remove curse {unknown}
 s - 3 scrolls of amnesia
 A - 3 scrolls of teleportation
 B - a scroll of fog {unknown}
 D - a scroll of enchant armour
Potions
 o - 3 potions of curing
 q - a potion of brilliance
 r - a potion of might
 z - a potion of invisibility {unknown}
 E - 3 potions of mutation {unknown}
Books
 G - a manual of Shields
Comestibles
 c - 11 rations
 w - 5 chunks of flesh


   Skills:
 + Level 3.3 Fighting
 + Level 3.0 Polearms
 - Level 2.4 Dodging
 - Level 2.4 Stealth
 * Level 11.7 Spellcasting
 * Level 10.6 Conjurations
 * Level 7.8 Hexes
 * Level 6.4 Translocations


You had 17 spell levels left.
You knew the following spells:

 Your Spells              Type           Power        Failure   Level  Hunger
a - Magic Dart            Conj           ####         1%          1    None
b - Searing Ray           Conj           ######       1%          2    None
c - Iskenderun's Mystic   Conj/Tloc      #####...     1%          4    #......
d - Fulminant Prism       Conj/Hex       ######....   1%          4    #......
e - Dazzling Flash        Conj/Hex       ######       1%          3    None
f - Freeze                Ice            ##..         2%          1    None

Your spell library contained the following spells:

 Spells                   Type           Power        Failure   Level  Hunger
 Sandblast                Erth           ##....       2%          1    None


Dungeon Overview and Level Annotations

Branches:
Dungeon (9/15)             Temple (1/1) D:7
   Lair: D:8-11         Orc: D:9-12

Altars:
Ashenzari
Cheibriados
Dithmenos
Elyvilon
Fedhas
Gozag
Hepliaklqana
Kikubaaqudgha
Makhleb
Nemelex Xobeh
Okawaru
Qazlal
Ru
Sif Muna
Trog
Uskayaw
Vehumet
Wu Jian
Xom
Yredelemnul
Zin
Beogh

Shops:
D:6 =

Annotations:
D:4 2 runed translucent doors


Message History

Your +1 pair of boots glows green for a moment.
The killer bee stings you but does no damage.
The killer bee stings you.
* * * LOW HITPOINT WARNING * * *
The killer bee barely misses you. x2
Your fulminant prism crackles loudly.
Casting: Fulminant Prism (dangerous; 1% risk of failure)
Confirm with . or Enter, or press ? or * to list all spells.
You don't know that spell.
Okay, then.
Okay, then.
The killer bee completely misses you. The killer bee misses you.
Your fulminant prism explodes!
The blast of energy engulfs the killer bee!!
You kill the killer bee!
Vehumet accepts your kill.
You feel your power returning.
Your Polearms skill increases to level 3!
The blast of energy engulfs you!!
You die...

.#.#..... ........# #.......#
#.......# #.......# #.......#
#########################$......#
................@yo.........<....
.........................[.$.....
.................................
.................................
........................†........
.................................
......)....................%.$...
÷................................
<(............>.............^...


You could see an orc warrior and a killer bee.

Vanquished Creatures
  Gastronok (D:8)
  The ghost of Dickchan the Grappler, a novice DrTm (D:8)
  Sigmund (D:2)
  Eustachio (D:6)
  A wyvern (D:4)
  Edmund (D:5)
  A water moccasin (D:7)
  3 ice beasts
  3 black bears (D:8)
  3 orc warriors (D:8)
  2 sky beasts
  A phantom (D:9)
  6 centaurs
  3 ogres
  5 bullfrogs
  Blork the orc (D:6)
  A wyvern skeleton (D:9)
  2 scorpions
  2 killer bees (D:9)
  5 howler monkeys
  4 crimson imps
  A bullfrog zombie (D:9)
  3 orc priests
  A gnoll shaman (D:4)
  4 hounds
  A jelly (D:8)
  An orc wizard (D:8)
  3 iguanas
  6 worker ants
  A worker ant zombie (D:8)
  A howler monkey skeleton (D:4)
  8 adders
  11 gnolls
  2 shadow imps (D:5)
  2 dart slugs
  5 leopard geckos
  17 orcs
  8 giant cockroaches
  2 goblins
  2 hobgoblins
  10 jackals
  4 quokkas
  2 ball pythons
  8 bats
  3 frilled lizards
  2 gnoll zombies (D:3)
  A jackal skeleton (D:8)
  4 kobolds
  A leopard gecko skeleton (D:4)
  2 quokka skeletons
  6 rats
  A fulminant prism (D:8)
171 creatures vanquished.

Vanquished Creatures (others)
  A sky beast (D:7)
  49 fulminant prisms
50 creatures vanquished.

Grand Total: 221 creatures vanquished

Notes
Turn   | Place    | Note
-------+----------+-------------------------------------------
     0 | D:1      | FabianWz the Deep Elf Conjurer began the quest for the Orb.
     0 | D:1      | Reached XP level 1. HP: 10/10 MP: 6/6
   209 | D:1      | Reached XP level 2. HP: 15/15 MP: 4/8
   220 | D:1      | Learned a level 2 spell: Searing Ray
  1049 | D:2      | Noticed Sigmund
  1062 | D:2      | Killed Sigmund
  1062 | D:2      | Reached skill level 5 in Spellcasting
  1062 | D:2      | Reached XP level 3. HP: 5/19 MP: 1/12
  1062 | D:2      | Reached XP level 4. HP: 6/24 MP: 1/13
  1062 | D:2      | Reached XP level 5. HP: 7/28 MP: 1/15
  1227 | D:2      | Learned a level 4 spell: Iskenderun's Mystic Blast
  1630 | D:2      | Reached skill level 6 in Spellcasting
  1796 | D:2      | Found an opulent altar of Gozag.
  1938 | D:2      | Found a white marble altar of Elyvilon.
  2174 | D:3      | Reached XP level 6. HP: 32/32 MP: 13/17
  2834 | D:3      | Learned a level 4 spell: Fulminant Prism
  2982 | D:3      | Found a basalt altar of Yredelemnul.
  3632 | D:4      | Found a sacrificial altar of Ru.
  3865 | D:4      | Reached skill level 7 in Spellcasting
  3870 | D:4      | Learned a level 3 spell: Dazzling Flash
  4187 | D:4      | Reached XP level 7. HP: 36/36 MP: 13/20
  4280 | D:4      | Found a large runed translucent door.
  4282 | D:4      | Found a large runed translucent door.
  4282 | D:4      | Found a large runed translucent door.
  4283 | D:4      | Noticed a wyvern
  4285 | D:4      | Found a large runed translucent door.
  4454 | D:4      | Reached skill level 8 in Spellcasting
  4609 | D:4      | Killed a wyvern
  4702 | D:4      | Reached skill level 9 in Spellcasting
  4950 | D:5      | Entered Level 5 of the Dungeon
  5287 | D:5      | Reached XP level 8. HP: 36/41 MP: 18/23
  5421 | D:5      | Reached skill level 1 in Hexes
  5469 | D:5      | Noticed Edmund
  5476 | D:5      | Killed Edmund
  5476 | D:5      | Reached skill level 1 in Translocations
  5918 | D:6      | Found Lowozumi's Jewellery Boutique.
  5922 | D:6      | Bought an uncursed ring of magical power for 240 gold
                  | pieces
  6022 | D:6      | Noticed Blork the orc
  6029 | D:6      | Noticed Eustachio
  6034 | D:6      | Killed Blork the orc
  6037 | D:6      | Reached skill level 1 in Fighting
  6043 | D:6      | Killed Eustachio
  6043 | D:6      | Reached skill level 1 in Polearms
  6326 | D:6      | Found a radiant altar of Vehumet.
  6327 | D:6      | Found a stormy altar of Qazlal.
  6327 | D:6      | Found a shadowy altar of Dithmenos.
  6330 | D:6      | Became a worshipper of Vehumet
  6334 | D:6      | Found a shimmering altar of Xom.
  6335 | D:6      | Found a bloodstained altar of Trog.
  6336 | D:6      | Found a snail-covered altar of Cheibriados.
  6337 | D:6      | Found a glowing silver altar of Zin.
  6469 | D:6      | Found a hide-covered altar of Uskayaw.
  6636 | D:7      | Reached XP level 9. HP: 44/47 MP: 15/24
  6746 | D:7      | Reached skill level 10 in Spellcasting
  6919 | D:7      | Found a staircase to the Ecumenical Temple.
  6932 | Temple   | Entered the Ecumenical Temple
  7540 | D:7      | Found a bloodstained altar of Trog.
  8167 | D:8      | Reached skill level 5 in Hexes
  8197 | D:8      | Noticed Gastronok
  8855 | D:8      | Reached * piety under Vehumet
  8855 | D:8      | Offered knowledge of Freeze by Vehumet.
  8943 | D:8      | Learned a level 1 spell: Freeze
  9048 | D:8      | Found a runed translucent gate.
  9049 | D:8      | Found a runed translucent gate.
  9050 | D:8      | Found a runed translucent gate.
  9050 | D:8      | Noticed Dickchan's ghost (novice DrTm)
  9053 | D:8      | Identified the cursed +1 morningstar "Juruez" {vorpal,
                  | +Rage rC+ Str-5}
  9053 | D:8      | Identified the +6 plate armour "Hoysobb" {-Tele rPois rN+
                  | Int+4}
  9065 | D:8      | Found a roughly hewn altar of Beogh.
  9070 | D:8      | Reached skill level 5 in Translocations
  9223 | D:8      | Killed Dickchan's ghost
  9223 | D:8      | Reached skill level 11 in Spellcasting
  9223 | D:8      | Reached skill level 10 in Conjurations
  9223 | D:8      | Reached XP level 10. HP: 30/54 MP: 20/27
  9538 | D:8      | Killed Gastronok
 10305 | D:9      | Offered knowledge of Sandblast by Vehumet.
 10315 | D:9      | Killed by an exploding fulminant prism

Illustrated notes

Levels and vault maps discovered:
D:1:      tarquinn_simple_flora_water_e, layout_loops_ring,
          serial_park_tiny_pond
D:2:      layout_basic, nicolae_overflow_hidden_temple, elyvilon_altar_3,
          first_ration, minivault_11, uniq_sigmund
D:3:      layout_loops_cross, lemuel_zombie_altar_yredelemnul,
          lightli_corner_chamber
D:4:      layout_basic, nicolae_overflow_crystal_walls,
          minmay_hollow_rounded_squares
D:5:      layout_basic, uniq_edmund
D:6:      layout_rooms, kennysheep_little_box, minitemple, serial_shops,
          nicolae_shop_trees, minmay_manual_mares, uniq_blork_the_orc,
          uniq_eustachio
D:7:      layout_loops_ring, minmay_temple_entry_drinking_statues, trog_book
D:8:      layout_basic, biasface_ghost_orc_armoury, grunt_ogre_cave,
          uniq_gastronok
D:9:      layout_cross, lemuel_crystal_altar, minmay_fractal_squares_gapless_7
Temple:   nicolae_temple_figure_zero

Skill      XL: |  1  2  3  4  5  6  7  8  9 10 |
---------------+-------------------------------+-----
Spellcasting   | 5 6 7 9 11 | 11.7
Conjurations   | 6 7 8 9 10 | 10.6
Hexes          | 4 6 7 |  7.8
Translocations | 3 5 6 |  6.4
Fighting       | 1 2 3 |  3.3
Polearms       | 1 2 3 |  3.0
Dodging        | |  2.4
Stealth        | |  2.4

Action                   |  1- 3 |  4- 6 |  7- 9 | 10-12 || total
-------------------------+-------+-------+-------+-------++-------
Melee: Scythe            |       |     2 |     2 |       ||     4
 Cast: Magic Dart        |    27 |    87 |    77 |    15 ||   206
       Searing Ray       |     1 |    21 |    59 |    14 ||    95
       Fulminant Prism   |       |     3 |    32 |    16 ||    51
       Iskenderun's Myst |       |     1 |       |       ||     1
Evoke: Wand              |       |       |     5 |       ||     5
  Use: Scroll            |       |    12 |    10 |     1 ||    23
       Potion            |       |     3 |     5 |     2 ||    10
  Eat: Chunk             |       |     9 |     9 |       ||    18
       Ration            |       |       |     3 |     1 ||     4
Armor: Robe              |     5 |     3 |     9 |     6 ||    23
Dodge: Dodged            |    10 |    10 |    51 |    27 ||    98
